AoeStats
← 陟遐自迩

MegaRandom

508804320Analyzed
4v4 RM · 8d ago on Sep 24, 2026· 97m 5s· 8 players
Game mode
Random Map
Map size
Large (8 player)
Population
200
Speed
Normal
Resources
Standard
Victory
Conquest
Starting age
Dark Age
Ending age
Imperial Age
RankedLock teamsTeams togetherTeam positionsShared explorationLock speedFull tech treeHidden civsTurbo modeCheats
Victory
Defeat
🇨🇦 Saxons · Canada
1050
+16
🇲🇽 Aztecs · Mexico
1007
+18
🇺🇸 Varangians · United States
989
+18
🇺🇸 Armenians · United States
966
+19
🇩🇪 Saxons · Germany
1059
-18
🇹🇼 Huns · Taiwan
1043
-18
🇲🇽 Khmer · Mexico
1039
-18
🇨🇳 Persians · China
1026
-17
Delete game
9:05 Loom
11:41 Feudal Age
12:06 Double-Bit Axe
12:02 Horse Collar
18:51 Castle Age
18:18 Gold Mining
18:18 Stone Mining
18:25 Stone Mining
22:10 Bow Saw
22:03 Heavy Plow
24:18 Town Watch
28:36 Wheelbarrow
31:07 Imperial Age
28:43 Husbandry
33:55 Hand Cart
35:01 Bloodlines
35:02 Fletching
36:10 Gold Shaft Mining
36:22 Stone Shaft Mining
36:06 Forging
35:56 Scale Mail Armor
35:55 Pikeman
36:54 Kamandaran
36:47 Light Cavalry
37:47 Bodkin Arrow
37:25 Cavalier
38:46 Halberdier
40:05 Crossbowman
40:50 Thumb Ring
40:59 Padded Archer Armor
42:00 Leather Archer Armor
42:01 Chain Mail Armor
42:21 Iron Casting
42:22 Savar
44:51 Ballistics
44:41 Masonry
45:32 Chemistry
44:28 Murder Holes
45:17 Hussar
51:36 Conscription
50:59 Elite War Elephant
52:46 Blast Furnace
51:51 Scale Barding Armor
53:13 Capped Ram
54:41 Siege Ram
55:43 Town Patrol
56:17 Crop Rotation
62:25 Architecture
61:51 Murder Holes
62:20 Chain Barding Armor
62:31 Plate Mail Armor
62:31 Ring Archer Armor
75:24 Citadels
75:44 Parthian Tactics
74:39 Heavy Cavalry Archer
74:40 Elite Skirmisher
76:02 Plate Barding Armor
93:48 Squires
93:34 Arson
andrewcarnegiehill_2006
12:46 Feudal Age
15:45 Castle Age
13:53 Horse Collar
15:09 Double-Bit Axe
20:19 Loom
31:48 Light Cavalry
32:29 Husbandry
32:56 Bow Saw
32:50 Heavy Plow
33:42 Bloodlines
38:58 Imperial Age
37:04 Wheelbarrow
36:14 Town Watch
37:45 Scale Barding Armor
37:50 Forging
37:31 Fletching
39:31 Hand Cart
39:16 Town Patrol
40:32 Conscription
40:12 Double Crossbow
40:34 Chain Barding Armor
40:50 Iron Casting
41:49 Stone Mining
41:49 Gold Mining
42:36 Plate Barding Armor
42:26 Hussar
43:49 Elite Ballista Elephant
48:29 Siege Engineers
48:45 Ballistics
49:25 Chemistry
50:21 Crop Rotation
50:57 Masonry
57:39 Blast Furnace
60:13 Hoardings
60:10 Architecture
63:58 Fortified Wall
閒雲野鶴
2:32 Loom
5:52 Loom
11:53 Feudal Age
12:24 Double-Bit Axe
12:26 Horse Collar
16:09 Wheelbarrow
20:45 Castle Age
19:41 Gold Mining
20:26 Forging
20:29 Bloodlines
21:45 Heavy Plow
25:31 Gold Shaft Mining
25:55 Husbandry
29:48 Bow Saw
30:59 Iron Casting
35:49 Imperial Age
36:44 Fletching
37:55 Blast Furnace
40:32 Conscription
41:31 Elite Skirmisher
57:08 Bodkin Arrow
陟遐自迩
0:56 Loom
11:26 Feudal Age
12:55 Horse Collar
16:13 Wheelbarrow
17:05 Fishing Lines
20:12 Castle Age
19:55 Double-Bit Axe
21:11 Bow Saw
22:24 Gillnets
22:39 Stone Mining
23:54 Heavy Plow
25:03 Gold Mining
27:29 Gold Shaft Mining
31:19 Imperial Age
28:56 Squires
28:43 Arson
28:44 Gambesons
29:45 Forging
29:36 Scale Mail Armor
30:15 Hand Cart
29:46 Town Watch
29:51 Pikeman
32:37 Iron Casting
32:17 Chain Mail Armor
33:39 Conscription
32:42 Shield Wall
35:17 Two-Man Saw
34:51 Plate Mail Armor
36:24 Crop Rotation
36:36 Elite Hearth Troop
37:12 Man-at-Arms
37:56 Husbandry
38:07 Bloodlines
37:27 Cavalier
38:17 Long Swordsman
38:50 Two-Handed Swordsman
39:33 Champion
39:36 Elite Varangian Guard
52:00 Coinage
51:31 Caravan
57:47 Siege Engineers
58:03 Ballistics
58:43 Chemistry
57:28 Treadmill Crane
58:32 Halberdier
Dean
11:36 Feudal Age
12:46 Horse Collar
16:11 Castle Age
15:07 Double-Bit Axe
15:39 Stone Mining
17:28 Bow Saw
18:00 Heavy Plow
19:20 Loom
23:54 Wheelbarrow
22:43 Man-at-Arms
24:43 Gold Mining
24:42 Pikeman
25:08 Long Swordsman
26:33 Squires
26:29 Two-Handed Swordsman
27:26 Forging
27:39 Gambesons
32:43 Imperial Age
30:32 Hand Cart
32:01 Champion
34:54 Fereters
34:26 Capped Ram
36:24 Gold Shaft Mining
37:14 Halberdier
37:29 Siege Ram
39:17 Murder Holes
39:02 Treadmill Crane
41:41 Conscription
42:33 Iron Casting
42:51 Scale Mail Armor
45:16 Town Watch
45:57 Masonry
46:15 Arson
51:29 Onager
79:19 Caravan
84:24 Town Patrol
86:51 Blast Furnace
86:06 Chain Mail Armor
89:28 Block Printing
89:29 Fervor
90:02 Theocracy
89:59 Sanctity
Jagelicious17
8:18 Loom
11:01 Feudal Age
11:40 Horse Collar
11:47 Double-Bit Axe
18:59 Castle Age
18:45 Gold Mining
18:47 Stone Mining
20:35 Bow Saw
21:09 Heavy Plow
26:44 Murder Holes
26:32 Treadmill Crane
30:38 Imperial Age
30:25 Wheelbarrow
31:14 Fletching
32:42 Chemistry
31:54 Masonry
33:44 Conscription
35:17 Crop Rotation
35:43 Bodkin Arrow
35:54 Scale Barding Armor
36:00 Forging
36:54 Two-Man Saw
37:08 Hand Cart
38:01 Bloodlines
38:25 Vendel Legacy
39:10 Husbandry
39:48 Cavalier
43:22 Chain Barding Armor
43:38 Iron Casting
46:53 Blast Furnace
46:29 Plate Barding Armor
49:29 Bracer
51:02 Caravan
53:36 Elite Jarl
58:14 Light Cavalry
59:22 Hussar
60:54 Scale Mail Armor
62:19 Architecture
69:34 Pikeman
70:15 Squires
70:00 Gambesons
70:52 Halberdier
72:03 Elite Varangian Guard
79:50 Gothikon
81:46 Arson
antonio35604
2:32 Loom
9:23 Feudal Age
15:55 Castle Age
14:18 Double-Bit Axe
14:16 Horse Collar
15:33 Stone Mining
16:10 Town Watch
17:30 Wheelbarrow
17:43 Bow Saw
17:59 Heavy Plow
19:28 Loom
27:15 Imperial Age
25:10 Gold Mining
26:12 Fletching
29:10 Hand Cart
30:39 Crop Rotation
31:09 Conscription
31:15 Pikeman
31:56 Squires
32:42 Forging
32:32 Scale Mail Armor
32:58 Ballistics
33:22 Gold Shaft Mining
33:13 Arson
34:10 Iron Casting
37:22 Chain Mail Armor
39:17 Blast Furnace
45:59 Plate Mail Armor
46:22 Garland Wars
46:00 Bodkin Arrow
50:19 Chemistry
57:54 Gambesons
57:29 Man-at-Arms
58:12 Bracer
62:58 Long Swordsman
63:40 Padded Archer Armor
64:01 Two-Handed Swordsman
66:12 Champion
95:59 Stone Shaft Mining
GR4Y_BE4RD
11:52 Feudal Age
15:28 Castle Age
14:08 Fletching
14:12 Double-Bit Axe
14:39 Horse Collar
15:52 Loom
16:27 Bodkin Arrow
17:50 Husbandry
19:02 Town Watch
23:02 Padded Archer Armor
26:11 Wheelbarrow
26:10 Leather Archer Armor
26:08 Bloodlines
26:49 Ballistics
27:24 Hand Cart
28:56 Thumb Ring
30:50 Crossbowman
37:01 Imperial Age
39:00 Chemistry
37:50 Guard Tower
40:16 Arbalester
41:36 Gold Mining
44:11 Bracer
44:57 Keep
45:35 Arrowslits
48:30 Ring Archer Armor
48:17 Masonry
49:27 Gold Shaft Mining
50:43 Elite Varangian Guard
51:09 Gambesons
51:25 Squires
51:27 Scale Mail Armor
51:38 Forging
52:24 Chain Mail Armor
52:36 Shield Wall
53:58 Conscription
54:42 Plate Mail Armor
57:13 Iron Casting
56:30 Arson
58:58 Pikeman
61:17 Halberdier
80:22 Elite Hearth Troop
Connection lost

Rejoining the realm…

Still unreachable

The connection could not be restored.

Session expired

The server has moved on; the page needs a fresh start.